[Event "Championnat d'Europe de Blitz"]
[Date "2024.12.09"]
[White "Goraj, Barbara"]
[Black "Schneider, Ilja"]
[WhiteElo "2178"]
[BlackElo "2414"]
[Round "11.33"]
[Result "0-1"]
[TimeControl "180+2"]

1. e4 e5 2.
Nf3 Nc6 3. Nc3 Nf6 4. a3 g6 5. d4 exd4 6. Nxd4 Bg7 7. Nxc6 bxc6 8. Bd3 O-O 9. O-O d6 10. f3 Nd7 11. Be3 Ne5 12. Qd2 d5 13. Na4 Re8 14. Rad1 Be6 15. Nc5 Qd6 16. h3 d4 17. Nb7 dxe3 18. Nxd6 exd2 19. Nxe8 Rxe8 20. Rxd2 Rb8 21. b3 c5 22. Be2 Nc6 23. f4 Bc3 24. Rdd1 Bb2 25. f5 gxf5 26. exf5 Bc8 27. a4 Bd4+ 28. Kh1 f6 29. Bc4+ Kf8 30. Rf4 Ne5 31. Rh4 Nxc4 32. bxc4 Bxf5 33. Rf4 Bxc2 34. Re1 Kf7 35. h4 Rb1 36. Rxb1 Bxb1 37. g4 Bd3 38. g5 Bxc4 39. gxf6 Bd5+ 0-1

[Site "Europe Echecs"]

[Event "Championnat d'Europe de Blitz"]
[Date "2024.12.09"]
[White "Costachi, Mihnea"]
[Black "Zlatkov, Anton"]
[WhiteElo "2464"]
[BlackElo "2324"]
[Round "11.34"]
[Result "1-0"]
[TimeControl "180+2"]

1. d4 Nf6 2. c4 e6 3. Nf3 Bb4+ 4. Bd2 Qe7 5. g3 Nc6 6. Nc3 Bxc3 7. Bxc3 Ne4 8. Rc1 O-O 9. Bg2 f5 10. O-O d6 11. d5 Nd8 12. dxe6 Nxe6 13. Nd4 Bd7 14. Nxf5 Rxf5 15. Bxe4 Rh5 16. e3 Rh6 17. Bxb7 Rf8 18. f4 Nc5 19. Bd5+ Kh8 20. Qd4 Bf5 21. e4 Bxe4 22. Rce1 Re8 23. Bxe4 Nxe4 24. Rxe4 1-0

[Site "Europe Echecs"]

[Event "Championnat d'Europe de Blitz"]
[Date "2024.12.09"]
[White "Lagarde, Maxime"]
[Black "Aliyev, Elnur"]
[WhiteElo "2600"]
[BlackElo "2079"]
[Round "11.35"]
[Result "1-0"]
[TimeControl "180+2"]

1. d4 Nf6 2.
Nf3 e6 3.
Bg5 h6 4.
Bh4 d5 5. e3 Be7 6. Nbd2 b6 7. c3 O-O 8. Bd3 Ba6 9. Bb1 Nbd7 10. Qc2 Bb7 11. Bxf6 Nxf6 12. Ne5 Qe8 13. h4 h5 14. f3 g6 15. g4 Bd6 16. Rg1 Kh8 17. gxh5 Bxe5 18.
hxg6 Ne4 19.
dxe5 fxg6 20. fxe4 Qe7 21. exd5 Qxh4+ 22. Kd1 Qf2 23.
Rh1+ 1-0

[Site "Europe Echecs"]

[Event "Championnat d'Europe de Blitz"]
[Date "2024.12.09"]
[White "Kadric, Denis"]
[Black "Dragicevic, Drazen"]
[WhiteElo "2544"]
[BlackElo "2332"]
[Round "11.36"]
[Result "1-0"]
[TimeControl "180+2"]

1. e4 c5 2.
Nc3 Nc6 3. Nge2 Nf6 4. g3 g6 5. Bg2 Bg7 6. O-O O-O 7. d3 d6 8. f4 Rb8 9. h3 Nd4 10. g4 b5 11. Nxd4 cxd4 12. Ne2 Nd7 13.
Ng3 Qc7 14.
g5 Bb7 15.
h4 Rbc8 16.
Rf2 a5 17. h5 Nb6 18. Bh3 e6 19. hxg6 hxg6 20. Bg4 d5 21. e5 Qe7 22. a3 Rc7 23. Qe1 b4 24. axb4 axb4 25. Bd2 Rfc8 26. Bxb4 Qd7 27. Bd1 Na4 28. Ra2 Qb5 29. Ba3 Nc5 30. Rh2 Nxd3 31. Qf1 Ba6 32. Qh3 f5 33. gxf6 Kf7 34. fxg7 Nxf4 35. Rf2 g5 36. Qh6 1-0

[Site "Europe Echecs"]

[Event "Championnat d'Europe de Blitz"]
[Date "2024.12.09"]
[White "Boci, Mateu"]
[Black "Smeets, Jan"]
[WhiteElo "2176"]
[BlackElo "2552"]
[Round "11.37"]
[Result "0-1"]
[TimeControl "180+2"]

1. e4 c6 2.
d4 d5 3. Nc3 b5 4. exd5 b4 5. Ne4 cxd5 6. Ng3 e6 7. Nf3 Nf6 8. Bd3 a5 9. O-O Ba6 10. Bf4 Be7 11. Re1 O-O 12. Ne5 Qb6 13. Bxa6 Qxa6 14. Bg5 Re8 15. Bxf6 Bxf6 16. Qg4 Bxe5 17. dxe5 Qc4 18. f4 Nd7 19. Rad1 Qxc2 20. f5 Rac8 21. Kh1 Qxb2 22. f6 Nxf6 23. exf6 Qxf6 24. Rf1 Qg6 25.
Qf3 Rc3 26. Qe2 Rec8 27. Nh5 Rc2 28. Qf3 R8c3 29. Nf4 Rxf3 30. Rxf3 Qe4 31. Rdf1 h6 32. Nh5 Qg6 33. Nxg7 Qxg2# 0-1

[Site "Europe Echecs"]

[Event "Championnat d'Europe de Blitz"]
[Date "2024.12.09"]
[White "Koelle, Tobias"]
[Black "Andonovski, Ljubisa"]
[WhiteElo "2437"]
[BlackElo "2253"]
[Round "11.38"]
[Result "1-0"]
[TimeControl "180+2"]

1. d4 Nf6 2. c4 e6 3. Nf3 d5 4. Nc3 Bb4 5. Bg5 h6 6. Bxf6 Qxf6 7. Qa4+ Nc6 8. e3 O-O 9. Rc1 a6 10. a3 Bxc3+ 11. Rxc3 dxc4 12. Qxc4 Bd7 13. Be2 Rac8 14. O-O e5 15. d5 Ne7 16. Qb3 Bg4 17. h3 Bxf3 18. Bxf3 b6 19. Be2 a5 20. Ba6 Ra8 21. Bb5 Qd6 22. e4 f5 23. Rfc1 Ra7 24. Rxc7 Rxc7 25. Rxc7 fxe4 26.
Rxe7 1-0

[Site "Europe Echecs"]

[Event "Championnat d'Europe de Blitz"]
[Date "2024.12.09"]
[White "Vyval, Volodymyr"]
[Black "Janik, Igor"]
[WhiteElo "2269"]
[BlackElo "2515"]
[Round "11.39"]
[Result "1/2-1/2"]
[TimeControl "180+2"]

1. e4 c6 2. d4 d5 3. e5 c5 4.
dxc5 Nc6 5. f4 h5 6. Be3 Bg4 7. Qd2 e6 8. c3 Nge7 9. h3 Bf5 10. Nf3 Be4 11. Ng5 Bg6 12. Na3 Nf5 13. Bf2 Be7 14. Nf3 a6 15. Bd3 Qa5 16. O-O Bxc5 17. Nc2 Qb6 18. Bxc5 Qxc5+ 19. Qf2 Qxf2+ 20.
Kxf2 Nfe7 21. Bxg6 Nxg6 22. Ke3 h4 23. Ncd4 Nge7 24. Rad1 Rc8 25. Nxc6 Nf5+ 26. Kf2 bxc6 27. Nd4 Ng3 28. Rfe1 Kd7 29. Nf3 Ke7 30. Rd4 Rb8 31. b3 Ne4+ 32. Ke3 Nxc3 33. Rc1 c5 34. Rd2 Ne4 35. Rdc2 Rbc8 36. Nd2 Nxd2 37. Kxd2 Rh6 38. Ke3 Rg6 39. Kf2 Rg3 40. Rxc5 Rxc5 41.
Rxc5 Rd3 42. Ra5 f6 43. exf6+ Kxf6 44. Rxa6 Kf5 45. Ra7 g6 46. b4 d4 47. b5 Kxf4 48. b6 Rd2+ 49. Kg1 Rb2 50. b7 d3 51. Ra3 Rb1+ 52. Kh2 Rxb7 53. Rxd3 e5 54. Rf3+ Ke4 55. a4 Ra7 56. Ra3 Ra5 57. Kg1 Kd4 58. Kf2 e4 59. Ke2 Rg5 60. Kf1 Ra5 61. Ke2 Rg5 62. Kf1 Ra5 63. Ke2 g5 64. Kf2 Rf5+ 65. Ke2 Ra5 66. Kd2 Ke5 67. Ke3 Kf5 68. Ra1 Ke5 69. Ra2 Kf5 70. Ra1 Ke5 71. Ra2 Kf5 72. Ra1 Ke5 73. Ra3 Kf5 74. Kd4 Kf4 1/2-1/2

[Site "Europe Echecs"]

[Event "Championnat d'Europe de Blitz"]
[Date "2024.12.09"]
[White "Druckenthaner, Andreas"]
[Black "Subelj, Jan"]
[WhiteElo "2206"]
[BlackElo "2526"]
[Round "11.40"]
[Result "0-1"]
[TimeControl "180+2"]

1. e4 e5 2.
Nf3 Nc6 3.
Bc4 Bc5 4.
d3 d6 5. Be3 Bxe3 6. fxe3 Na5 7. Bb3 Nxb3 8. axb3 Ne7 9. O-O O-O 10. Nc3 h6 11. Qe1 f5 12. exf5 Bxf5 13. Nh4 Be6 14.
Rxf8+ Qxf8 15. Qg3 a6 16. Rf1 Qd8 17. Ng6 Nxg6 18. Qxg6 Qe7 19. Ne4 Rf8 20. Rxf8+ Kxf8 21. Qg3 Qf7 22. Qf2 Bd5 23. Qxf7+ Kxf7 24. Nc3 Be6 25. Kf2 d5 26. d4 Kf6 27. Kf3 c6 28. h3 Bf5 29. e4 exd4 30. exf5 dxc3 31. bxc3 Kxf5 32. g4+ Ke5 33. Ke3 g5 34. b4 b6 35. Kd3 a5 36. bxa5 bxa5 37. c4 d4 38. c3 dxc3 39. Kxc3 c5 0-1

[Site "Europe Echecs"]

[Event "Championnat d'Europe de Blitz"]
[Date "2024.12.09"]
[White "Laurusas, Tomas"]
[Black "Trapp, Maximilian"]
[WhiteElo "2578"]
[BlackElo "2050"]
[Round "11.41"]
[Result "1-0"]
[TimeControl "180+2"]

1. d4 d5 2.
c4 e6 3. Nf3 Nf6 4. Nc3 Be7 5. Bg5 O-O 6. e3 c6 7. Rc1 Nbd7 8. a3 Re8 9. h3 a6 10. cxd5 exd5 11. Bf4 Nf8 12.
Bd3 Ng6 13. Bh2 Bd6 14. Bxd6 Qxd6 15. O-O Bd7 16. Qc2 Rad8 17. b4 a5 18. Rb1 axb4 19. axb4 b5 20. Nd2 Be6 21. Nb3 Nd7 22. Nc5 Nxc5 23. dxc5 Qe5 24. Ne2 Bd7 25. Bxg6 hxg6 26. Ra1 Ra8 27. Qc3 Qg5 28. Kh2 Qh5 29. Nd4 g5 30. Kg1 g4 31. hxg4 Qxg4 32. Rxa8 Rxa8 33. Ra1 Rc8 34. Qc2 Qg5 35. Ra6 Bh3 36. f4 Qg3 37. Qf2 Qg6 38. Rxc6 Rxc6 39. Nxc6 Qxc6 40.
gxh3 Qg6+ 41. Kh2 Qb1 42. Qd2 Qb3 43. Qc1 d4 44. c6 Qa2+ 45. Kh1 Qd5+ 46. Kg1 Qf3 47. c7 Qg3+ 48. Kf1 Qxh3+ 49. Ke1 Qg3+ 50.
Ke2 d3+ 51.
Kxd3 Qg6+ 52. Kc3 Qf6+ 53. Kb3 Qe6+ 54. Kb2 Qf6+ 55. Qc3 1-0

[Site "Europe Echecs"]

[Event "Championnat d'Europe de Blitz"]
[Date "2024.12.09"]
[White "Guliyev, Namig"]
[Black "Kukk, Sander"]
[WhiteElo "2484"]
[BlackElo "2234"]
[Round "11.42"]
[Result "1-0"]
[TimeControl "180+2"]

1. e4 g6 2. d4 Bg7 3. Nf3 d6 4. h3 Nf6 5. Nc3 O-O 6. Be3 Nc6 7. d5 Nb4 8. a3 Na6 9. Bc4 Nc5 10. Bxc5 dxc5 11. e5 Nd7 12. Qe2 Nb6 13. O-O e6 14. dxe6 Bxe6 15. Bxe6 fxe6 16. Ne4 Qe7 17. c4 Nd7 18. Ng3 Rad8 19. Qe4 b6 20. Rfe1 Nb8 21. h4 Qf7 22. b3 h6 23. Rad1 a5 24. Rxd8 Rxd8 25. Nf1 Qf5 26. Qb7 Qf7 27.
Ne3 Qd7 28.
Qe4 Qf7 29.
g3 Bf8 30.
Ng2 Be7 31.
Nf4 Kg7 32. Kg2 c6 33. Nh2 Rd4 34. Qe3 Qf5 35. Nf3 Rd7 36. Qe2 Rd8 37. Rd1 Rxd1 38. Qxd1 Kf7 39. Ne2 Qe4 40. Nc3 Qf5 41. Na4 b5 42. Nb6 Ke8 43. Nc8 a4 44. cxb5 cxb5 45. bxa4 bxa4 46. Qxa4+ Kd8 47. Nb6 Kc7 48. Qb5 Nc6 49. Na8+ Kd7 50. Qb7+ Ke8 51.
Qxc6+ 1-0

[Site "Europe Echecs"]

[Event "Championnat d'Europe de Blitz"]
[Date "2024.12.09"]
[White "Maier, Christian"]
[Black "Baskin, Robert"]
[WhiteElo "2235"]
[BlackElo "2442"]
[Round "11.43"]
[Result "0-1"]
[TimeControl "180+2"]

1. e4 e5 2.
Nf3 Nc6 3.
Bb5 a6 4.
Ba4 Bc5 5.
c3 Nge7 6.
d4 exd4 7.
cxd4 Bb4+ 8. Bd2 Bxd2+ 9. Qxd2 d5 10. e5 O-O 11. O-O Bg4 12. Ne1 f6 13. exf6 Rxf6 14. h3 Bh5 15. Nc3 Qd6 16. Bd1 Bxd1 17.
Rxd1 Raf8 18. Nc2 Nf5 19. Qd3 Rg6 20. Ne3 Nfxd4 21. Kh1 Rh6 22. Ng4 Rh4 23. Ne2 Nxe2 24. Qxe2 d4 25. Qe4 Rh5 26. Rfe1 Rhf5 27. f3 h6 28. Nf2 Re5 29. Qg4 Rfe8 30. Ne4 Qe7 31. Rc1 Qe6 32. Qg3 d3 33. Red1 Rd8 34. b3 Red5 35. Rc4 Qe5 36. Qg6 Qf5 37. Qg3 Kh7 38. Rc3 Qe5 39. Qg4 0-1

[Site "Europe Echecs"]

[Event "Championnat d'Europe de Blitz"]
[Date "2024.12.09"]
[White "Stankovic, Milos"]
[Black "Veleski, Robert"]
[WhiteElo "2462"]
[BlackElo "2093"]
[Round "11.44"]
[Result "1/2-1/2"]
[TimeControl "180+2"]

1. d4 Nf6 2.
Nf3 g6 3. Nbd2 d5 4. e3 Bg7 5. b4 O-O 6. Be2 Nbd7 7. Bb2 Re8 8. c4 c6 9. O-O Ne4 10. Nxe4 dxe4 11. Nd2 Nf6 12. a4 h5 13. a5 a6 14. b5 axb5 15. cxb5 Rxa5 16. bxc6 bxc6 17. Nc4 Rxa1 18. Qxa1 Nd5 19. Rc1 Bg4 20. Bf1 h4 21. h3 Bf5 22. Qa6 Qc8 23. Qxc8 Rxc8 24. Na5 Bd7 25. Bc4 Bh6 26. Nxc6 Rxc6 27. Bxd5 Rxc1+ 28. Bxc1 Bf5 29. Ba3 Bf8 30. Bc6 g5 31. Kf1 e6 32. Bc5 f6 33. Ke1 Kf7 34. Kd2 Bg6 35. Kc3 f5 36. Kc4 g4 37. Bxf8 Kxf8 38. d5 Ke7 39. Kd4 Kd6 40. dxe6 Kxe6 41. Bb7 gxh3 42. gxh3 Kf6 43. f3 exf3 44. Bxf3 Be8 45. Bg2 Ba4 46. e4 fxe4 47. Kxe4 Bc6+ 48. Kf4 Bxg2 49. Kg4 1/2-1/2

[Site "Europe Echecs"]

[Event "Championnat d'Europe de Blitz"]
[Date "2024.12.09"]
[White "Manea, Alexandru"]
[Black "Arnaudov, G. Petar"]
[WhiteElo "2272"]
[BlackElo "2401"]
[Round "11.45"]
[Result "1-0"]
[TimeControl "180+2"]

1. Nf3 Nf6 2. g3 d5 3. Bg2 e6 4. O-O Be7 5. b3 a5 6. a4 O-O 7. Bb2 c6 8. d3 b6 9. Nbd2 Bb7 10. e4 Na6 11. Re1 Nb4 12. e5 Nd7 13. h4 c5 14. h5 h6 15. Nf1 d4 16. N1d2 Bd5 17. Nc4 Nb8 18. Rc1 N8c6 19. Qe2 Qb8 20. Nfd2 Re8 21. Qg4 Bf8 22. Re2 Na2 23. Rce1 Nc3 24. Bxc3 dxc3 25. Nf3 Ra7 26. Na3 Qa8 27. Qh3 Qd8 28. Nb5 Rd7 29. Qg4 Bxf3 30. Bxf3 Nd4 31.
Nxd4 cxd4 32. Bc6 Qc7 33. Bxd7 Qxd7 34. Re4 Bc5 35. Kg2 b5 36. axb5 Qxb5 37. f4 a4 38. bxa4 Qxa4 39. R1e2 Qd7 40. Rf2 Rb8 41. f5 exf5 42.
Qxf5 Qe6 43.
Ref4 Rb2 44.
Qe4 Bf8 45.
Qxd4 Qa6 46. Qd5 1-0

[Site "Europe Echecs"]

[Event "Championnat d'Europe de Blitz"]
[Date "2024.12.09"]
[White "Muter, Donny"]
[Black "Gatineau, Yovann"]
[WhiteElo "2206"]
[BlackElo "2363"]
[Round "11.46"]
[Result "0-1"]
[TimeControl "180+2"]

1. b3 e5 2.
Bb2 Nc6 3. e3 Nf6 4. d4 exd4 5. exd4 d5 6. Nf3 Bb4+ 7. c3 Bd6 8. Be2 O-O 9. O-O Re8 10. Nbd2 Bf5 11. a3 Ne7 12. c4 c6 13. Re1 Ng6 14. Nf1 Nf4 15. Ne3 Be4 16. Bf1 h6 17. g3 Ne6 18. c5 Bc7 19. b4 Ng5 20. Nxg5 hxg5 21. f3 Bg6 22. Bd3 Bxd3 23. Qxd3 g6 24. Re2 Qd7 25. Rae1 Kg7 26. Bc1 Qh3 27. Nf1 Rxe2 28. Rxe2 g4 29. Bg5 Qh5 30. Bxf6+ Kxf6 31. fxg4 Qxg4 32. Ne3 Qg5 33. Nf1 Kg7 34. Qf3 a5 35. Rf2 Qe7 36. Ne3 axb4 37. axb4 Ra1+ 38. Kg2 f5 39. g4 f4 40. Nf1 Qe4 41. Re2 Qxf3+ 42. Kxf3 Rxf1+ 43. Kg2 f3+ 0-1

[Site "Europe Echecs"]

[Event "Championnat d'Europe de Blitz"]
[Date "2024.12.09"]
[White "Mohammad, Fahim"]
[Black "Asllani, Muhamet"]
[WhiteElo "2196"]
[BlackElo "2112"]
[Round "11.48"]
[Result "1-0"]
[TimeControl "180+2"]

1. d4 Nf6 2.
Nf3 e6 3. c4 d5 4. Nc3 Be7 5. Bg5 O-O 6. e3 h6 7. Bh4 dxc4 8. Bxc4 a6 9. O-O b5 10. Bb3 Bb7 11. Qe2 Ne4 12. Bxe7 Qxe7 13. Rfd1 Nd7 14. Nxe4 Bxe4 15. Rac1 c5 16. dxc5 Nxc5 17. Bc2 Rac8 18. h3 Qb7 19. Bxe4 Nxe4 20. Nd4 Nf6 21. Qf3 Qb6 22. Rc6 Rxc6 23. Qxc6 Qa7 24. Nf3 Nd5 25. a3 Rb8 26. Ne5 b4 27. e4 Nf6 28. a4 Kh7 29. Nd7 Nxd7 30. Rxd7 Qb6 31. Qxb6 Rxb6 32.
Rxf7 Rd6 33. Ra7 Rd2 34. Rxa6 e5 35. Ra5 Rxb2 36. Rxe5 Ra2 37. a5 b3 38. Rb5 b2 39. Kh2 Kg6 40. Kg3 Kf6 41. f3 Ke6 42. a6 Kd6 43. a7 Rxa7 44. Rxb2 Ke5 45. Rb5+ Kf6 46. Rb6+ Kf7 47. Kf4 Ra2 48. g3 Ra5 49. h4 Ra3 50. g4 Ra1 51. Rb7+ Kf6 52. h5 Ra4 53. Rb6+ Kf7 54. Kf5 Ra3 55. f4 Ra7 56. e5 Rc7 57. Rd6 Ra7 58. e6+ Kf8 59. Rd8+ Ke7 60. Rd7+ Rxd7 61. exd7 Kxd7 1-0

[Site "Europe Echecs"]

[Event "Championnat d'Europe de Blitz"]
[Date "2024.12.09"]
[White "Djurovic, Peko"]
[Black "Perunovic, Miodrag"]
[WhiteElo "2253"]
[BlackElo "2357"]
[Round "11.49"]
[Result "0-1"]
[TimeControl "180+2"]

1. e4 c5 2.
Nf3 d6 3. d4 cxd4 4. Nxd4 Nf6 5. Nc3 g6 6. Bc4 Bg7 7. f3 O-O 8. Be3 Nc6 9. Qd2 Bd7 10.
O-O-O Rc8 11. Bb3 Ne5 12. h4 h5 13. Bh6 Bxh6 14. Qxh6 Rxc3 15. bxc3 Qa5 16. g4 Qxc3 17. Kb1 a5 18. gxh5 a4 19.
hxg6 axb3 20. gxf7+ Kxf7 21. cxb3 Nxf3 22. Ne2 Qe5 23. Qf4 Qxf4 24. Nxf4 Nxe4 25. Nd3 Nc3+ 0-1

[Site "Europe Echecs"]

[Event "Championnat d'Europe de Blitz"]
[Date "2024.12.09"]
[White "Mueller, Magnus"]
[Black "Pacher, Milan"]
[WhiteElo "2166"]
[BlackElo "2310"]
[Round "11.50"]
[Result "1/2-1/2"]
[TimeControl "180+2"]

1. e4 e5 2. Nf3 Nc6 3. Nc3 Nf6 4. Nd5 Be7 5. Bd3 d6 6. c3 O-O 7. O-O Bg4 8. Bc2 Nxd5 9. exd5 Nb8 10. h3 Bh5 11. d4 Nd7 12. Re1 Bf6 13. g4 Bg6 14. Bxg6 fxg6 15. g5 Be7 16. dxe5 dxe5 17. Nxe5 Bd6 18. f4 Rf5 19. Nd3 Nc5 20. Ne5 Nd7 21. Nd3 Rxd5 22. Qf3 c6 23. c4 Rf5 24. Be3 Qc7 25. Rad1 Raf8 26. Qe4 Nc5 27. Nxc5 Bxc5 28. Qe6+ Kh8 29. Bxc5 Rxc5 30. Re5 Qb6 31. Kh1 Rxe5 32. Qxe5 Qf2 33. Rd7 Qf3+ 34. Kh2 Qf2+ 35. Kh1 Rg8 36. Rxb7 Qf1+ 37. Kh2 Qxc4 38. b3 Qc2+ 39. Kh1 Qxa2 40. Qe7 Qb1+ 41. Kh2 Qc2+ 42. Kg3 Qc3+ 43. Kg2 Qd2+ 44. Kg3 Qd3+ 45. Kg2 a5 46. Qf7 c5 47. Rc7 Qe2+ 48. Kg3 Qe3+ 49. Kg2 Qd2+ 50.
Kg3 Qc3+ 51. Kg2 Qb2+ 52. Kg3 Rd8 53. Rd7 Rg8 54. Rc7 Qc3+ 55. Kg2 Qc2+ 56. Kg3 a4 57. bxa4 Qxa4 58. h4 Qa3+ 59. Kg4 Qb2 60. Kg3 Qc3+ 61. Kg4 Qd2 62. Kg3 Qe3+ 63. Kg2 Qe2+ 64. Kg3 Qe3+ 65. Kg2 Qe4+ 66. Kg3 Qd3+ 67. Kg2 Qe4+ 68. Kg3 Qe1+ 69. Kf3 Qxh4 70.
Re7 Qh3+ 71. Kf2 Qf5 72. Qxf5 gxf5 73. Re5 Rc8 74. Rxf5 Kg8 75. Ke3 g6 76. Rf6 c4 77. Kd2 Rf8 78. Rxf8+ Kxf8 79. Kc3 Ke7 80.
Kxc4 Ke6 81. Kd4 Kf5 82. Ke3 Kg4 83. Ke4 Kg3 84. f5 gxf5+ 85. Kxf5 Kh4 86. g6 hxg6+ 87. Kxg6 1/2-1/2

[Site "Europe Echecs"]

[Event "Championnat d'Europe de Blitz"]
[Date "2024.12.09"]
[White "Diermair, Andreas"]
[Black "Radovanovic, Dusan"]
[WhiteElo "2433"]
[BlackElo "2274"]
[Round "11.51"]
[Result "1/2-1/2"]
[TimeControl "180+2"]

1. c4 e5 2. Nc3 Nc6 3. Nf3 Nf6 4. e3 Bb4 5. Qc2 a5 6. Be2 O-O 7. Nd5 h6 8. b3 Bc5 9. Bb2 d6 10. a3 Be6 11. Nc3 Bg4 12. O-O Re8 13. d3 Bf5 14. Qd2 Qd7 15. Rac1 Ne7 16. d4 exd4 17. Nxd4 Bh7 18. Bf3 c6 19. Rfd1 Rad8 20. Na4 Ba7 21. Qxa5 Bb8 22. Qd2 Qc7 23. g3 Ng6 24. Bg2 h5 25. Nc3 h4 26. Nce2 hxg3 27. hxg3 Ne5 28. Nf3 Nfg4 29. Nf4 Qc8 30. Ng5 Bf5 31. e4 Bd7 32. Qe2 f6 33. Nf3 Nxf3+ 34. Bxf3 Ne5 35. Bh5 Rf8 36. Kg2 Ba7 37. Rh1 Bg4 38. Bxg4 Nxg4 39. Ng6 Rfe8 40. c5 Bxc5 41. Rh4 Nxf2 42. Rxc5 dxc5 43. Kxf2 Qe6 44. Rh8+ Kf7 45. Nf4 Qxb3 46. Qh5+ Ke7 47.
Qxc5+ Kd7 48. Qd4+ Kc8 49. Rxe8 Rxe8 50. Qd2 Qb6+ 51. Bd4 Qa6 52. Kf3 Qb5 53. Be3 f5 54. exf5 Qxf5 55. Qd4 g5 56. Qa7 Qe4+ 57. Kg4 gxf4 58. Bxf4 Qg6+ 59. Kf3 Qd3+ 60. Kg4 Qa6 61. Qd4 Qb5 62. Qd6 Rg8+ 63. Kh4 Rh8+ 64. Bh6 Qd5 65. Qf4 Qe6 66. Kh5 b5 67. g4 Qd5+ 68. g5 Qh1+ 69. Kg6 Qd5 70. Kh5 Kb7 71. Qf6 Rg8 72. Qe7+ Ka6 73. Qf6 Re8 74. Qf4 Re4 75. Qf8 Qd7 76. Qa8+ Kb6 77.
Qf8 Qe8+ 78. Qxe8 Rxe8 79. g6 c5 80. g7 Kc6 81. Kg6 Kd5 82. Kf7 Rc8 83. Bg5 b4 84. axb4 cxb4 85. Be7 b3 86. Bf6 Kc4 87. g8=Q Rxg8 88. Kxg8 1/2-1/2

[Site "Europe Echecs"]

[Event "Championnat d'Europe de Blitz"]
[Date "2024.12.09"]
[White "Dobrikov, Marco"]
[Black "Tudor, Henry Edward"]
[WhiteElo "2407"]
[BlackElo "2375"]
[Round "11.52"]
[Result "0-1"]
[TimeControl "180+2"]

1. Nc3 d5 2. d4 Nf6 3. Bf4 a6 4. e3 b5 5. f3 e6 6. g4 c5 7. Qd2 Nc6 8. h4 Qb6 9. Nge2 h6 10. Bg2 a5 11. a4 bxa4 12. Nxa4 Qa7 13. dxc5 Bxc5 14. Nxc5 Qxc5 15. Nc3 e5 16. Bg3 Be6 17. g5 hxg5 18. hxg5 Rxh1+ 19. Bxh1 Nd7 20. Bg2 Rb8 21. Na4 Qe7 22. f4 exf4 23. Bxf4 Rb4 24. c3 Rb5 25. Kf2 Nde5 26. Kg1 Kf8 27. Qe2 Rb7 28. Qh5 Kg8 29. Qe2 Ng6 30. Qd2 Nce5 31. Rf1 Rd7 32. Qd4 Nc4 33. Nc5 Rd8 34. b3 Nd6 35.
Nxe6 fxe6 36. Qd1 Nf5 37. Qh5 Nxf4 38. exf4 Ng3 39. Qg6 Nxf1 40. Bxf1 Qf7 41. Qh5 Qxh5 0-1

[Site "Europe Echecs"]

[Event "Championnat d'Europe de Blitz"]
[Date "2024.12.09"]
[White "Kiratzopoulos, Efthimios"]
[Black "Herega, Nejc"]
[WhiteElo "2193"]
[BlackElo "2249"]
[Round "11.53"]
[Result "1-0"]
[TimeControl "180+2"]

1. d4 Nf6 2. Nf3 g6 3. Nc3 d5 4. Bf4 Bg7 5. e3 O-O 6. Bd3 c5 7. dxc5 Nbd7 8. O-O Nxc5 9. h3 Nfe4 10. Be5 Nxc3 11. bxc3 Nxd3 12. Bxg7 Kxg7 13. cxd3 Qa5 14. Qb3 b6 15. Rfd1 Ba6 16. c4 Rfd8 17.
cxd5 Qxd5 18. Qb2+ Kg8 19. Rac1 Rac8 20. d4 Bb7 21. Rxc8 Rxc8 22. a3 Qc4 23. Ne5 Qd5 24. Nf3 Qc4 25. Ne5 Qc2 26. Rd2 Qxb2 27. Rxb2 Rc3 28. a4 Bd5 29. a5 f6 30. Nd7 bxa5 31. Rb8+ Kg7 32. Nc5 Rc1+ 33. Kh2 Rc2 34.
Kg3 Ra2 35.
e4 Bf7 36. Rb7 Kf8 37. Rxa7 Rd2 38. d5 Rd4 39. Rxa5 f5 40. f3 fxe4 41. fxe4 Rc4 42. Kf4 Rc1 43. Ke5 Kg7 44. Ne6+ Bxe6 45. Kxe6 Rc7 46. e5 Rb7 47. Ra6 Kf8 48. Ra8+ Kg7 49.
Re8 Rb6+ 50.
d6 exd6 51. exd6 1-0

[Site "Europe Echecs"]

[Event "Championnat d'Europe de Blitz"]
[Date "2024.12.09"]
[White "Brunner, Nicolas"]
[Black "Ciric, Pavle"]
[WhiteElo "2413"]
[BlackElo "2346"]
[Round "11.54"]
[Result "1-0"]
[TimeControl "180+2"]

1. d4 d5 2. c4 dxc4 3. Nf3 Nf6 4. e3 Bg4 5. Bxc4 e6 6. Nc3 a6 7. h3 Bh5 8. g4 Bg6 9. Ne5 Nbd7 10. Nxg6 hxg6 11. Bf1 c5 12. Bg2 Qc7 13. O-O Bd6 14. f4 O-O 15. d5 exd5 16. Nxd5 Nxd5 17.
Qxd5 Rab8 18. Rd1 Bxf4 19. exf4 Nf6 20. Qf3 Rfe8 21. b3 Ne4 22. Bb2 b5 23. Be5 1-0

[Site "Europe Echecs"]

[Event "Championnat d'Europe de Blitz"]
[Date "2024.12.09"]
[White "Jobava, Baadur"]
[Black "Sarana, Alexey"]
[WhiteElo "2578"]
[BlackElo "2674"]
[Round "12.1"]
[Result "1/2-1/2"]
[TimeControl "180+2"]

1. c4 Nf6 2. b3 e6 3. Bb2 d5 4. Nf3 Be7 5. g3 O-O 6. Bg2 c5 7. cxd5 exd5 8. O-O Nc6 9. d4 Ne4 10. dxc5 Bxc5 11. Nc3 Nxc3 12. Bxc3 d4 13. Bb2 Bg4 14. Rc1 Bb6 15. h3 Bh5 16. g4 Bg6 17. Nd2 Re8 18. Nc4 Bc7 19. Bxc6 bxc6 20. Qxd4 Qxd4 21. Bxd4 Rxe2 22. Rfe1 Rxa2 23. Re7 Bf4 24. Be3 Bxe3 25. Nxe3 Ra6 26. Rc7 Rb8 27. R7xc6 Rxc6 28.
Rxc6 h5 29. Ra6 hxg4 30. hxg4 Rb7 31. Kh2 f6 32. Kg3 Bd3 33. Ra3 a6 34. Nc4 Kh7 35. Kf3 Rb4 36. Kg3 Be2 37. f3 Bd1 38. Rxa6 Rxb3 39. Nd2 Rd3 40. Ra2 g5 41. Kf2 Kg6 42. Rb2 Kf7 43. Rb7+ Ke6 44. Rb6+ Ke7 45.
Rb7+ Ke8 46. Rb2 Kd7 47. Rb7+ Kc6 48. Rb2 Kc7 49. Ra2 Kb7 50. Rb2+ Kc6 51. Ra2 Kb5 52. Rb2+ Ka4 53. Ne4 Rxf3+ 54. Kg2 Ka3 55. Rf2 Rxf2+ 56. Kxf2 Bxg4 57. Nxf6 Bf5 58. Kg3 g4 59. Nxg4 Bxg4 1/2-1/2

[Site "Europe Echecs"]

[Event "Championnat d'Europe de Blitz"]
[Date "2024.12.09"]
[White "Pichot, Alan"]
[Black "Van Foreest, Jorden"]
[WhiteElo "2637"]
[BlackElo "2677"]
[Round "12.2"]
[Result "0-1"]
[TimeControl "180+2"]

1. e4 e5 2. Nf3 Nc6 3. Bc4 Nf6 4. d3 Be7 5. O-O O-O 6. Nc3 d6 7. a3 a5 8. h3 Be6 9. Nd5 a4 10. Ba2 Nd4 11. Nxe7+ Qxe7 12. Nxd4 exd4 13. Bg5 Bxa2 14. Rxa2 Qe6 15. Ra1 Nd7 16. Qg4 Ra5 17. Bd2 Rb5 18. Rab1 Qxg4 19.
hxg4 Ra8 20. Rfc1 Ra6 21. b4 axb3 22. cxb3 Rc5 23. b4 Rxc1+ 24. Rxc1 c5 25. Bf4 f6 26. Rb1 g5 27. Bg3 Kf7 28. bxc5 Nxc5 29. Rb4 Rxa3 30. Bxd6 Ra1+ 31. Kh2 Nxd3 32. Rxb7+ Ke6 33. Bg3 Ne5 34. Rb6+ Kd7 35. f3 d3 36. Rb5 Ra6 37. Be1 Rd6 38. Bc3 d2 39. Bxd2 Rxd2 40. Kg3 Ng6 41. Rb7+ Ke6 42.
Rxh7 Nf4 43. Rh2 Ke5 0-1

[Site "Europe Echecs"]

[Event "Championnat d'Europe de Blitz"]
[Date "2024.12.09"]
[White "Deac, Bogdan-Daniel"]
[Black "Fedoseev, Vladimir"]
[WhiteElo "2696"]
[BlackElo "2709"]
[Round "12.3"]
[Result "1-0"]
[TimeControl "180+2"]

1. d4 Nf6 2.
c4 e6 3. Nc3 d5 4. Nf3 Nbd7 5. Qc2 Bb4 6. g3 dxc4 7. Bg2 O-O 8. O-O Rb8 9. a4 a6 10. a5 Bxc3 11.
Qxc3 b5 12.
axb6 cxb6 13. Ne5 Bb7 14. Bxb7 Rxb7 15. Rxa6 Nxe5 16. dxe5 Nd5 17. Qxc4 Rc7 18. Qa4 Qc8 19. Bd2 Rc2 20. Ra8 Qc5 21. Rxf8+ Kxf8 22. Qa8+ Ke7 23. Bg5+ f6 24. exf6+ gxf6 25. Bh6 Qc8 26. Qxc8 Rxc8 27. Ra1 Rc2 28. e4 Nc7 29.
Rc1 Rxc1+ 30. Bxc1 Kd6 31. Be3 b5 32. Kf1 f5 33. exf5 Nd5 34. fxe6 Kxe6 35. Ke2 Ke5 36. f3 Nb4 37. Bd2 Nc6 38. Kd3 Kd5 39. f4 Nd4 40. Be3 Nf3 41. h3 Ne1+ 42. Ke2 Nc2 43. Kd2 Nb4 44. f5 Ke5 45. g4 Nd5 46. Kd3 Nb4+ 47. Ke2 Nd5 48. Kf3 b4 49. b3 h5 50. Bf2 hxg4+ 51.
hxg4 Nc3 52. Bg3+ Kd5 53. g5 Ne4 54. g6 Kd4 55. Bh4 Nd6 1-0

[Site "Europe Echecs"]

[Event "Championnat d'Europe de Blitz"]
[Date "2024.12.09"]
[White "Muradli, Mahammad"]
[Black "Mamedov, Rauf"]
[WhiteElo "2588"]
[BlackElo "2656"]
[Round "12.4"]
[Result "0-1"]
[TimeControl "180+2"]

1. d4 d5 2. c4 dxc4 3. Nf3 Nf6 4. e3 e6 5. Bxc4 c5 6. O-O a6 7. b3 cxd4 8. Nxd4 Be7 9. Bb2 b5 10. Be2 Bb7 11. Nd2 O-O 12. a4 bxa4 13. Rxa4 Nbd7 14. Bf3 Nd5 15. Qb1 Rc8 16. Bxd5 Bxd5 17. Rxa6 Bb4 18. Rd1 Nc5 19. Ra1 Qg5 20. N2f3 Qh5 21. Ba3 Be4 22. Qb2 Nd3 23. Qe2 Bxa3 24. Rxa3 e5 25. Ra5 Qg6 26. Nh4 Qb6 27. Ra4 exd4 28. Rxd4 Qxb3 29. Rxe4 Rc2 30. Qf3 Nxf2 31. Rf1 Nxe4 32. Qxe4 Qc4 33. Qxc4 Rxc4 34.
Nf5 g6 35.
Nd6 Rc6 36.
Ne4 f5 37.
Ng3 Re8 38. Kf2 Rc2+ 39. Kf3 Rd8 40. Rf2 Rxf2+ 41. Kxf2 Kg7 42. Kf3 Kf6 43. h3 Rd3 44. Ne2 Ra3 45. Nf4 g5 46. Nh5+ Ke5 0-1

[Site "Europe Echecs"]